PL
BUCKHEAD BOWTIES @ RICHARDSON CITY THUNDERCATS
08/08/2025
 
TOP OF THE 1ST
Buckhead Bowties batting - Pitching for Richardson City Thundercats : RHP Ramón Ortega
Pitching: RHP Ramón Ortega
Batting: RHB Dave King 0-0: Called Strike
0-1: Ball
1-1: Fly out, F9 (Flyball, 89XD)
Batting: LHB Gregg Young 0-0: Swinging Strike
0-1: Ball
1-1: Called Strike
1-2: Strikes out swinging
Batting: LHB Manuel Carmona 0-0: Fly out, F5 (Line Drive, 5S)
Top of the 1st over - 0 run(s), 0 hit(s), 0 error(s), 0 left on base; Buckhead 0 - Richardson City 0
BOTTOM OF THE 1ST
Richardson City Thundercats batting - Pitching for Buckhead Bowties : LHP Ramón Torres
Pitching: LHP Ramón Torres
Batting: SHB Mitch Qualtrough 0-0: Called Strike
0-1: Called Strike
0-2: Ball
1-2: Ball
2-2: Ball
3-2: SINGLE (Groundball, 56D)
Batting: RHB Joey Jones 0-0: Ball
Pickoff Throw to First - Out!
1-0: Fly out, F8 (Flyball, 8RS)
Batting: RHB Nate Cates 0-0: Foul Ball, location: 2F
0-1: Ground out 1-3 (Groundball, 13)
Bottom of the 1st over - 0 run(s), 1 hit(s), 0 error(s), 0 left on base; Buckhead 0 - Richardson City 0
TOP OF THE 2ND
Buckhead Bowties batting - Pitching for Richardson City Thundercats : RHP Ramón Ortega
Batting: LHB Tony Martínez 0-0: Ball
1-0: Ball
2-0: SINGLE (Groundball, 6MD)
Batting: RHB Gabriel Rodríguez 0-0: Foul Ball, location: 2F
0-1: Swinging Strike
0-2: Ball
1-2: Strikes out swinging
Batting: LHB Mysterious Walker 0-0: Called Strike
0-1: Ball
1-1: SINGLE (Line Drive, 9LS)
Tony Martínez to second
Runner from 2nd tries for 3rd, SAFE, throw made to third
Mysterious Walker to second
Batting: LHB Harrison Jones 0-0: Fly out, F3 (Line Drive, 3L)
Batting: RHB Mike Brown 0-0: Called Strike
0-1: Ball
1-1: Ground out 6-3 (Groundball, 6)
Top of the 2nd over - 0 run(s), 2 hit(s), 0 error(s), 2 left on base; Buckhead 0 - Richardson City 0
BOTTOM OF THE 2ND
Richardson City Thundercats batting - Pitching for Buckhead Bowties : LHP Ramón Torres
Batting: RHB Jonathan Cook 0-0: Ball
1-0: Ground out 1-3 (Groundball, 13S)
Batting: RHB Alden Wiley 0-0: Foul Ball, location: 2F
0-1: Ball
1-1: Ball
2-1: Ball
3-1: Called Strike
3-2: Foul Ball, location: 2F
3-2: Fly out, F9 (Flyball, 89M)
Batting: LHB Eduardo Álvarez 0-0: Called Strike
0-1: Ball
1-1: Ball
2-1: Ground out 3-1 (Groundball, 34)
Bottom of the 2nd over - 0 run(s), 0 hit(s), 0 error(s), 0 left on base; Buckhead 0 - Richardson City 0
TOP OF THE 3RD
Buckhead Bowties batting - Pitching for Richardson City Thundercats : RHP Ramón Ortega
Batting: RHB Enrique Marroquín 0-0: Called Strike
0-1: Swinging Strike
0-2: Fly out, F9 (Flyball, 9LS)
Batting: RHB Dave King 0-0: Ball
1-0: Called Strike
1-1: Ball
2-1: Ground out 4-3 (Groundball, 4M)
Batting: LHB Gregg Young 0-0: Called Strike
0-1: Foul Ball, location: 2F
0-2: Ball
1-2: Ground out 4-3 (Groundball, 34)
Top of the 3rd over - 0 run(s), 0 hit(s), 0 error(s), 0 left on base; Buckhead 0 - Richardson City 0
BOTTOM OF THE 3RD
Richardson City Thundercats batting - Pitching for Buckhead Bowties : LHP Ramón Torres
Batting: RHB Yong-oon Yi 0-0: Ball
1-0: Called Strike
1-1: Ball
2-1: Fly out, F8 (Flyball, 89D)
Batting: SHB Seishiro Nishimura 0-0: Ball
1-0: Called Strike
1-1: SINGLE (Line Drive, 6M)
Batting: LHB Carroll Martin 0-0: Called Strike
0-1: Ball
1-1: Foul Ball, location: 2F
1-2: Fly out, F7 (Line Drive, 7S)
Batting: SHB Mitch Qualtrough 0-0: Ball
1-0: Ball
2-0: Fielders Choice at 2nd, 6-4 (Groundball, 6)
Bottom of the 3rd over - 0 run(s), 1 hit(s), 0 error(s), 0 left on base; Buckhead 0 - Richardson City 0
TOP OF THE 4TH
Buckhead Bowties batting - Pitching for Richardson City Thundercats : RHP Ramón Ortega
Batting: LHB Manuel Carmona 0-0: Called Strike
0-1: Ball
1-1: Ball
2-1: Ball
3-1: Base on Balls
Batting: LHB Tony Martínez 0-0: Ball
1-0: Ground out 4-3 (Groundball, 34)
Manuel Carmona to second
Batting: RHB Gabriel Rodríguez 0-0: Ball
1-0: Foul Ball, location: 2F
1-1: Foul Ball, location: 2F
1-2: Foul Ball, location: 2F
1-2: Foul Ball, location: 2F
1-2: Strikes out swinging
Batting: LHB Mysterious Walker 0-0: Foul Ball, location: 2F
0-1: Fly out, F8 (Flyball, 78D)
Top of the 4th over - 0 run(s), 0 hit(s), 0 error(s), 1 left on base; Buckhead 0 - Richardson City 0
BOTTOM OF THE 4TH
Richardson City Thundercats batting - Pitching for Buckhead Bowties : LHP Ramón Torres
Batting: RHB Joey Jones 0-0: Ground out 4-3 (Groundball, 34)
Batting: RHB Nate Cates 0-0: Foul Ball, location: 2F
0-1: Called Strike
0-2: Foul Ball, location: 2F
0-2: Ball
1-2: Foul Ball, location: 2F
1-2: Ball
2-2: SINGLE (Groundball, 56D)
Batting: RHB Jonathan Cook 0-0: Ball
1-0: Foul Ball, location: 2F
1-1: Called Strike
1-2: Ball
2-2: Strikes out swinging
Batting: RHB Alden Wiley 0-0: Called Strike
0-1: Swinging Strike
0-2: Ball
1-2: Strikes out swinging, 2-3 out at first.
Bottom of the 4th over - 0 run(s), 1 hit(s), 0 error(s), 1 left on base; Buckhead 0 - Richardson City 0
TOP OF THE 5TH
Buckhead Bowties batting - Pitching for Richardson City Thundercats : RHP Ramón Ortega
Batting: LHB Harrison Jones 0-0: Ball
1-0: Swinging Strike
1-1: Swinging Strike
1-2: Ball
2-2: Strikes out swinging
Batting: RHB Mike Brown 0-0: Swinging Strike
0-1: Swinging Strike
0-2: Strikes out swinging
Batting: RHB Enrique Marroquín 0-0: Ball
1-0: Called Strike
1-1: Ground out 1-3 (Groundball, 13)
Top of the 5th over - 0 run(s), 0 hit(s), 0 error(s), 0 left on base; Buckhead 0 - Richardson City 0
BOTTOM OF THE 5TH
Richardson City Thundercats batting - Pitching for Buckhead Bowties : LHP Ramón Torres
Batting: LHB Eduardo Álvarez 0-0: Foul Ball, location: 2F
0-1: Ground out 4-3 (Groundball, 4)
Batting: RHB Yong-oon Yi 0-0: Ball
1-0: Foul Ball, location: 2F
1-1: Swinging Strike
1-2: Ball
2-2: Ball
3-2: Foul Ball, location: 2F
3-2: SINGLE (Groundball, 4D)
Batting: SHB Seishiro Nishimura 0-0: Ball
1-0: Swinging Strike
1-1: Ball
2-1: SINGLE (Groundball, 34D)
Yong-oon Yi to second
Runner from 2nd tries for 3rd, SAFE, throw made to third
Batting: LHB Carroll Martin 0-0: Foul Ball, location: 2F
0-1: Called Strike
0-2: Ball
1-2: Ball
2-2: Ball
3-2: Grounds into double play, U3-6 (Groundball, 3L)
Bottom of the 5th over - 0 run(s), 2 hit(s), 0 error(s), 1 left on base; Buckhead 0 - Richardson City 0
TOP OF THE 6TH
Buckhead Bowties batting - Pitching for Richardson City Thundercats : RHP Ramón Ortega
Batting: RHB Dave King 0-0: Ball
1-0: Foul Ball, location: 2F
1-1: Foul Ball, location: 2F
1-2: Ball
2-2: Foul Ball, location: 2F
2-2: Ball
3-2: Ground out 5-3 (Groundball, 56)
Batting: LHB Gregg Young 0-0: Called Strike
0-1: Ball
1-1: Foul Ball, location: 2F
1-2: Strikes out swinging
Batting: LHB Manuel Carmona 0-0: Ball
1-0: Called Strike
1-1: Ball
2-1: Foul Ball, location: 2F
2-2: Ball
3-2: Foul Ball, location: 2F
3-2: SINGLE (Line Drive, 56)
Batting: LHB Tony Martínez 0-0: Called Strike
0-1: Swinging Strike
0-2: Foul Ball, location: 2F
0-2: Ball
1-2: Ball
2-2: Fly out, F9 (Flyball, 9S)
Top of the 6th over - 0 run(s), 1 hit(s), 0 error(s), 1 left on base; Buckhead 0 - Richardson City 0
BOTTOM OF THE 6TH
Richardson City Thundercats batting - Pitching for Buckhead Bowties : LHP Ramón Torres
Batting: SHB Mitch Qualtrough 0-0: Ball
1-0: Ground out 6-3 (Groundball, 6S)
Batting: RHB Joey Jones 0-0: Ball
1-0: Foul Ball, location: 2F
1-1: Ground out 1-3 (Groundball, 15)
Batting: RHB Nate Cates 0-0: Ball
1-0: Foul Ball, location: 2F
1-1: Ball
2-1: Foul Ball, location: 2F
2-2: Strikes out swinging, 2-3 out at first.
Bottom of the 6th over - 0 run(s), 0 hit(s), 0 error(s), 0 left on base; Buckhead 0 - Richardson City 0
TOP OF THE 7TH
Buckhead Bowties batting - Pitching for Richardson City Thundercats : RHP Ramón Ortega
Batting: RHB Gabriel Rodríguez 0-0: Swinging Strike
0-1: Ball
1-1: Foul Ball, location: 2F
1-2: Strikes out swinging, 2-3 out at first.
Batting: LHB Mysterious Walker 0-0: Ball
1-0: Fly out, F8 (Flyball, 8RD)
Batting: LHB Harrison Jones 0-0: Called Strike
0-1: Swinging Strike
0-2: Ball
1-2: Ball
2-2: Foul Ball, location: 2F
2-2: Foul Ball, location: 2F
2-2: Strikes out swinging
Top of the 7th over - 0 run(s), 0 hit(s), 0 error(s), 0 left on base; Buckhead 0 - Richardson City 0
BOTTOM OF THE 7TH
Richardson City Thundercats batting - Pitching for Buckhead Bowties : LHP Ramón Torres
Batting: RHB Jonathan Cook 0-0: Ball
1-0: Called Strike
1-1: Fly out, F8 (Flyball, 78M)
Batting: RHB Alden Wiley 0-0: Ball
1-0: SINGLE (Groundball, 6MD)
Batting: LHB Eduardo Álvarez 0-0: Ball
1-0: Ball
2-0: Ball
3-0: Called Strike
3-1: Foul Ball, location: 2F
3-2: Fly out, F8 (Flyball, 8LXD)
Runner from 1st tags up, OUT at 2nd
Bottom of the 7th over - 0 run(s), 1 hit(s), 0 error(s), 0 left on base; Buckhead 0 - Richardson City 0
TOP OF THE 8TH
Buckhead Bowties batting - Pitching for Richardson City Thundercats : RHP Ramón Ortega
Pinch Hitting: RHB Chris Smith 0-0: Called Strike
0-1: Swinging Strike
0-2: Strikes out swinging
Batting: RHB Enrique Marroquín 0-0: Ball
1-0: Called Strike
1-1: Foul Ball, location: 2F
1-2: Foul Ball, location: 2F
1-2: Fly out, F7 (Flyball, 78M)
Batting: RHB Dave King 0-0: Ball
1-0: Ball
2-0: Ball
3-0: Called Strike
3-1: Foul Ball, location: 2F
3-2: Foul Ball, location: 2F
3-2: Strikes out swinging
Top of the 8th over - 0 run(s), 0 hit(s), 0 error(s), 0 left on base; Buckhead 0 - Richardson City 0
BOTTOM OF THE 8TH
Richardson City Thundercats batting - Pitching for Buckhead Bowties : LHP Ramón Torres
Now at 1B: Chris Smith
Batting: RHB Yong-oon Yi 0-0: Ball
1-0: Foul Ball, location: 2F
1-1: SINGLE (Line Drive, 89S)
Batting: SHB Seishiro Nishimura 0-0: Ball
1-0: Called Strike
1-1: Called Strike
1-2: Fly out, F9 (Line Drive, 9)
Pinch Hitting: RHB Javier Chávez 0-0: Called Strike
0-1: Called Strike
0-2: Ball
1-2: Foul Ball, location: 2F
1-2: Foul Ball, location: 2F
1-2: Ball
2-2: Strikes out swinging
Pitching: RHP Joshua Long
Batting: SHB Mitch Qualtrough 0-0: Called Strike
0-1: Called Strike
0-2: Strikes out swinging
Bottom of the 8th over - 0 run(s), 1 hit(s), 0 error(s), 1 left on base; Buckhead 0 - Richardson City 0
TOP OF THE 9TH
Buckhead Bowties batting - Pitching for Richardson City Thundercats : RHP Ramón Ortega
Pitching: LHP Javier Ramírez
Now at SS: Javier Chávez
Batting: LHB Gregg Young 0-0: Foul Ball, location: 2F
0-1: Ball
1-1: Swinging Strike
1-2: Foul Ball, location: 2F
1-2: Foul Ball, location: 2F
1-2: Ball
2-2: Ball
3-2: Base on Balls
Pinch Runner at 1st Won-min Yi:
Batting: LHB Manuel Carmona 0-0: Called Strike
0-1: Ball
1-1: Called Strike
1-2: Foul Ball, location: 2F
1-2: Fly out, F7 (Flyball, 7)
Batting: LHB Tony Martínez 0-0: Ball
1-0: Called Strike
1-1: Foul Ball, location: 2F
1-2: Ball
2-2: 2-RUN HOME RUN (Flyball, 8RXD), Distance : 432 ft
Pitching: RHP Bo Tubbs
Batting: RHB Gabriel Rodríguez 0-0: Ball
1-0: Ground out 5-3 (Groundball, 5L)
Batting: LHB Mysterious Walker 0-0: Fly out, F8 (Line Drive, 8RXD)
Top of the 9th over - 2 run(s), 1 hit(s), 0 error(s), 0 left on base; Buckhead 2 - Richardson City 0
BOTTOM OF THE 9TH
Richardson City Thundercats batting - Pitching for Buckhead Bowties : RHP Joshua Long
Pitching: RHP Akihiko Rin
Batting: RHB Joey Jones 0-0: Ground out 4-3 (Groundball, 4M)
Batting: RHB Nate Cates 0-0: Called Strike
0-1: Foul Ball, location: 2F
0-2: Ball
1-2: Strikes out swinging
Batting: RHB Jonathan Cook 0-0: Ball
1-0: Foul Ball, location: 2F
1-1: Ground out 5-3 (Groundball, 56)
Bottom of the 9th over - 0 run(s), 0 hit(s), 0 error(s), 0 left on base; Buckhead 2 - Richardson City 0
Friday, December 30th, 2016 - OOTP Baseball 17.12 Build 75